 Dungeon Crawl Stone Soup version 0.29-a0-902-g0f71de6fce (webtiles) character file.

Game seed: 13040161631646670403

1834 derpindaisy the Poker (level 8, -3/70 HPs)
             Began as a Minotaur Fighter on Sept 12, 2021.
             Was a Believer of Kikubaaqudgha.
             Slain by a hornet (13 damage)
             ... on level 6 of the Dungeon on Aug 13, 2022.
             The game lasted 00:24:19 (6084 turns).

derpindaisy the Poker (Minotaur Fighter)            Turns: 6084, Time: 00:24:19

Health: -3/70      AC: 11    Str: 21    XL:     8   Next: 87%
Magic:  10/10      EV: 11    Int:  5    God:    Kikubaaqudgha [**....]
Gold:   275        SH:  0    Dex: 11    Spells: 10/11 levels left

rFire   + + .      SeeInvis .   a - +5 halberd
rCold   + . .      Faith    .   (shield currently unavailable)
rNeg    . . .      Spirit   .   k - +2 scale mail {rF+}
rPois   +          Reflect  .   (helmet restricted)
rElec   +          Harm     .   (no cloak)
rCorr   +          Rampage  .   n - +0 pair of gloves
Will    .....                   (no boots)
Stlth   ..........              (no amulet)
HPRegen 0.21/turn               (no ring)
MPRegen 0.12/turn               (no ring)

@: mighty, resistant, hasted and slowed
A: horns 2, retaliatory headbutt
a: Renounce Religion, Unearth Wretches


You were on level 6 of the Dungeon.
You worshipped Kikubaaqudgha.
Kikubaaqudgha was pleased with you.
You visited 1 branch of the dungeon, and saw 6 of its levels.
You also visited: Ossuary.

You collected 275 gold pieces.

Inventory:

Hand Weapons
 a - a +5 halberd (weapon)
 x - a +1 vorpal hand axe
Missiles
 o - a throwing net (quivered)
Armour
 c - a +0 buckler
 k - a +2 scale mail of fire resistance (worn)
 n - a +0 pair of gloves (worn)
 w - an orb of mayhem
Wands
 b - a wand of flame (28)
 l - a wand of polymorph (5)
 u - a wand of iceblast (4)
Scrolls
 e - 10 scrolls of identify {unknown}
 h - 3 scrolls of vulnerability {unknown}
 i - a scroll of enchant armour {unknown}
 j - a scroll of magic mapping {unknown}
 m - a scroll of torment {unknown}
 q - a scroll of silence {unknown}
 r - 2 scrolls of immolation {unknown}
 t - a scroll of blinking {unknown}
 v - 3 scrolls of teleportation {unknown}
Potions
 d - 3 potions of might
 g - 3 potions of lignification
 s - a potion of resistance
 z - a potion of mutation {unknown}


   Skills:
 + Level 6.1 Fighting
 + Level 0.6(4.9) Axes
 + Level 7.9(8.0) Polearms
 + Level 7.4 Armour
 + Level 3.2 Dodging
 + Level 0.7 Stealth
 + Level 5.5 Shields
 + Level 2.0 Spellcasting
 + Level 1.8 Necromancy
 + Level 0.3 Evocations


You had 10 spell levels left.
You knew the following spells:

 Your Spells              Type           Power      Damage    Failure   Level
a - Necrotise             Necr           8%         1d4       45%         1

Your spell library contained the following spells:

 Spells                   Type           Power      Damage    Failure   Level
 Sublimation of Blood     Necr           2%         N/A       61%         2
 Summon Small Mammal      Summ           0%         N/A       71%         1
 Call Canine Familiar     Summ           0%         N/A       97%         3
 Dazzling Flash           Conj/Hex       0%         N/A       97%         3
 Summon Guardian Golem    Hex/Summ       0%         N/A       97%         3
 Animate Dead             Necr           2%         N/A       99%         4
 Anguish                  Hex/Necr       0%         N/A       100%        4
 Iskenderun's Mystic Bla  Conj/Tloc      0%         2d3       100%        4
 Starburst                Conj/Fire      0%         6d3       100%        6


Dungeon Overview and Level Annotations

Branches:
Dungeon (6/15)             Temple (0/1) D:5         Ossuary (visited)

Altars:
Kikubaaqudgha
Nemelex Xobeh
Vehumet
Wu Jian
Zin


Innate Abilities, Weirdness & Mutations

You have a pair of horns on your head.
You reflexively headbutt those who attack you in melee.


Message History

You hit the hornet but do no damage.
The hornet is moderately wounded.
You feel sick. The hornet stings you!
You shrug off the repeated paralysis!
The gnoll bouda barks out a call to the hunt!
The hornet stings you!
You are more poisoned.
You feel as though you will be slow longer.
You feel better. The hornet misses you. The hornet stings you.
You feel as though you will be slow longer.
The hornet stings you!
* * * LOW HITPOINT WARNING * * *
You feel as though you will be slow longer.
You feel very mighty all of a sudden.
The gnoll is no longer moving quickly.
The hornet stings you.
* * * LOW HITPOINT WARNING * * *
You are poisoned.
You feel as though you will be slow longer.
The hornet stings you but does no damage.
The gnoll bouda barks out a call to the hunt!
The gnoll picks up the pace!
You feel better. The hornet stings you.
* * * LOW HITPOINT WARNING * * *
You feel as though you will be slow longer.
The hornet closely misses you.
Aiming: Iceblast
Press: ? - help, Shift-Dir - straight line, f - gnoll bouda, p - hornet
Aim: a gnoll bouda, wielding a +0 club and wearing a +0 leather armour
Okay, then.
Okay, then.
Okay, then.
It was a potion of haste.
You feel yourself speed up.
The hornet stings you but does no damage.
The hornet stings you.
* * * LOW HITPOINT WARNING * * *
You feel as though you will be slow longer.
It was a potion of resistance.
You feel protected. The hornet stings you!
You die...
Kikubaaqudgha rasps: "You have failed me!
Welcome... death!"

#.# ########## ##.#
.........#.##.#
.........#.##.##########
.....)......#.##..)....#
....<....#..#.##@#####.#
.........#..#.##y###.#.####
.........#..#..gg#........#
.........#..#o##o#.#.#)##.#
.................# #<#.# #
#####.###...#g#### #.#.#
......# #..[#.# ..#.#
#########...#g# .....#
####...o.gg...## #.#####


You could see a hornet, a gnoll bouda, a gnoll (swift) and an orc.

Vanquished Creatures
  Prince Ribbit (D:5)
  Menkaure (D:4)
  A water moccasin (D:4)
  An orc warrior (D:4)
  Duvessa (D:5)
  A phantom (D:5)
  2 elf zombies (Ossuary)
  A necrophage (D:5)
  A scorpion (D:3)
  3 wights (D:6)
  Dowan (D:5)
  2 howler monkeys
  3 hounds (D:5)
  A human zombie (Ossuary)
  A jelly (D:4)
  2 orc priests (D:4)
  Ijyb (D:4)
  3 orc wizards
  2 hound zombies (Ossuary)
  5 mummies
  5 gnolls
  10 adders
  2 adder zombies (Ossuary)
  2 worms (D:2)
  A dart slug (D:5)
  18 orcs
  8 bats
  5 endoplasms
  6 goblins
  5 hobgoblins
  3 quokkas
  2 ball pythons (D:2)
  4 frilled lizards
  A hobgoblin zombie (Ossuary)
  3 jackal zombies (Ossuary)
  10 kobolds
  A kobold zombie (Ossuary)
  6 rats
126 creatures vanquished.

Vanquished Creatures (others)
  An adder (D:5)
  2 orcs (D:5)
  A fungus (D:3)
  5 plants (D:3)
9 creatures vanquished.

Grand Total: 135 creatures vanquished

Notes
Turn   | Place    | Note
-------+----------+-------------------------------------------
     0 | D:1      | derpindaisy the Minotaur Fighter began the quest for the
                  | Orb.
     0 | D:1      | Reached XP level 1. HP: 19/19 MP: 0/0
   251 | D:1      | Reached XP level 2. HP: 27/27 MP: 1/1
   650 | D:1      | Upgraded the game from 0.28-a0-429-g1448048969 to
                  | 0.28-a0-447-g1f95980246
   905 | D:2      | Reached XP level 3. HP: 32/33 MP: 2/2
  1483 | D:2      | Reached XP level 4. HP: 40/40 MP: 3/3
  1930 | D:3      | Noticed a scorpion
  1934 | D:3      | Killed a scorpion
  1935 | D:3      | Reached skill level 5 in Armour
  1935 | D:3      | Reached XP level 5. HP: 31/46 MP: 4/4
  2095 | D:3      | Found a sparkling altar of Nemelex Xobeh.
  2401 | D:3      | Found a faded altar of an unknown god.
  2484 | D:3      | Upgraded the game from 0.28-a0-447-g1f95980246 to
                  | 0.29-a0-902-g0f71de6fce
  2492 | D:3      | Prayed at the altar of an unknown god.
  2492 | D:3      | Became a worshipper of Kikubaaqudgha
  2492 | D:3      | Reached * piety under Kikubaaqudgha
  2492 | D:3      | Received a gift from Kikubaaqudgha
  2657 | D:4      | Noticed a water moccasin
  2672 | D:4      | Killed a water moccasin
  2673 | D:4      | Reached skill level 5 in Fighting
  2673 | D:4      | Reached XP level 6. HP: 31/56 MP: 5/5
  2834 | D:4      | Learned a level 1 spell: Necrotise
  2857 | D:4      | Found a glowing silver altar of Zin.
  3041 | D:4      | Found an ornate altar of the Wu Jian Council.
  3083 | D:4      | Noticed Menkaure
  3091 | D:4      | Killed Menkaure
  3092 | D:4      | Reached skill level 5 in Polearms
  3092 | D:4      | Reached skill level 1 in Dodging
  3372 | D:4      | Found a radiant altar of Vehumet.
  3663 | D:4      | Reached XP level 7. HP: 43/61 MP: 4/6
  4144 | D:5      | Entered Level 5 of the Dungeon
  4144 | D:5      | Noticed Prince Ribbit
  4167 | D:5      | Killed Prince Ribbit
  4257 | D:5      | Reached skill level 1 in Spellcasting
  4351 | D:5      | Found a staircase to the Ecumenical Temple.
  4379 | D:5      | Reached skill level 1 in Necromancy
  4401 | D:5      | Found a sand-covered staircase.
  4407 | Ossuary  | Entered an ossuary
  4431 | Ossuary  | Reached skill level 5 in Shields
  4462 | Ossuary  | Reached XP level 8. HP: 50/69 MP: 9/9
  4471 | Ossuary  | Reached ** piety under Kikubaaqudgha
  4879 | D:5      | Noticed Ijyb
  5073 | D:5      | Noticed Duvessa
  5088 | D:4      | Killed Ijyb
  5185 | D:5      | Killed Duvessa
  5185 | D:5      | Noticed Dowan
  5343 | D:5      | Killed Dowan
  5531 | D:5      | Found an ancient bone altar of Kikubaaqudgha.
  6060 | D:6      | Noticed a hornet
  6076 | D:6      | Paralysed by a hornet for 2 turns
  6084 | D:6      | Slain by a hornet

Illustrated notes

Levels and vault maps discovered:
D:1:      lemuel_arrival_behind_the_door_large, layout_basic
D:2:      layout_basic
D:3:      layout_basic, lemuel_doored_altar,
          shapermc_ecumenical_altar_mp_ritualfount
D:4:      layout_gridville, mainiacjoe_overflow_24_doors,
          nicolae_vehumet_radiance, general_overflow_altar, uniq_menkaure
D:5:      layout_cave_pools, mainiacjoe_overflow_alcove_2,
          minmay_temple_entry_overgrown, gup_ossuary_entry_pyramid, uniq_ijyb,
          uniq_duvessa, uniq_prince_ribbit1
D:6:      layout_basic

Skill      XL: |  1  2  3  4  5  6  7  8 |
---------------+-------------------------+-----
Shields        | 4 5 |  5.5
Armour         | 4 5 6 7 |  7.4
Polearms       | 3 4 5 6 7 |  7.9
Fighting       | 4 5 6 |  6.1
Dodging        | 1 2 3 |  3.2
Spellcasting   | 1 2 |  2.0
Necromancy     | 1 |  1.8
Axes           | |  0.6
Stealth        | |  0.7
Evocations     | |  0.3

Action                   |  1- 3 |  4- 6 |  7- 9 || total
-------------------------+-------+-------+-------++-------
Melee: Trident           |    90 |   143 |   192 ||   425
       Headbutt          |     9 |    10 |    33 ||    52
       Hand axe          |       |       |    17 ||    17
       Halberd           |       |       |    12 ||    12
 Cast: Necrotise         |       |     3 |    15 ||    18
Evoke: Wand              |       |     4 |       ||     4
  Use: Potion            |       |     1 |     7 ||     8
Armor: Scale mail        |    32 |    50 |   141 ||   223
       Skin              |       |       |   170 ||   170
Dodge: Dodged            |    30 |    45 |   123 ||   198
Block: Buckler           |    14 |    20 |    95 ||   129

Table legend: (Time is in decaauts)
 A = Elapsed time spent in this place.
 B = Non-inter-level travel time spent in this place.
 C = Inter-level travel time spent in this place.
 D = Time resting spent in this place.
 E = Time spent auto-exploring this place.
 F = Levels seen in this place.
 G = Mean time per level.
                   A        B        C        D        E       F      G
               +--------+--------+--------+--------+--------+-----+--------+
         Total |   6125 |   5886 |    239 |   2108 |   2657 |   7 |  875.0 |
       Dungeon |   5778 |   5539 |    239 |   2006 |   2592 |   6 |  963.0 |
       Ossuary |    346 |    346 |      0 |    102 |     65 |   1 |  346.0 |
               +--------+--------+--------+--------+--------+-----+--------+

Top non-repeatable levels by time:
     D:4: 2137 daAuts
     D:2: 1200 daAuts
     D:1: 686 daAuts
     D:3: 651 daAuts
     D:5: 648 daAuts
     D:6: 453 daAuts
 Ossuary: 346 daAuts
